Map: Cyber Forest LE

Players

Sura

  • Race: Zerg Zerg
  • League: Master
  • Spawn Location: 11:00

Mez - Winner!

  • Race: Terran Terran
  • League: Master
  • Spawn Location: 5:00

VOD

Have the link to the VOD?

Description

Time

  • Played on: Aug. 15, 2019, 7:53 a.m.
  • Length: 5:56
Show
View Real Time Build Order
Export as new Build Order

Sura Zerg 

Build Orders: Hatch First 

Get SALT Encoding   

  12  0:00  Drone  
  13  0:12  Overlord  
  13  0:16  Drone  
  14  0:31  Drone x2  
  16  0:49  Hatchery  
  15  0:55  Drone x2  
  17  0:59  Drone  
  18  1:05  Extractor  
  17  1:15  Spawning Pool  
  17  1:18  Drone  
  17  1:21  Drone  
  18  1:28  Drone  
  19  1:39  Drone  
  20  1:52  Overlord  
  20  2:03  Zergling x4, Queen x2  
  26  2:21  Hatchery  
  25  2:31  Drone x3  
  28  2:54  Overlord  
  28  2:55  Drone x5  
  33  3:08  Drone x2  
  35  3:19  Queen  
  35  3:22  Drone x5  
  42  3:27  Evolution Chamber  
  42  3:31  Evolution Chamber  
  40  3:36  Roach Warren  
  40  3:39  Lair  
  39  3:42  Drone  
  39  3:47  Queen  
  42  3:50  Drone  
  42  3:51  Drone  
  44  3:58  Overlord  
  44  4:01  Drone x3  
  47  4:03  Drone  
  48  4:20  Roach x2  
  50  4:37  Extractor  
  49  4:38  Overlord, Extractor  
  49  4:39  Drone x3  
  49  4:40  Drone x6  
  49  4:45  Extractor  
  56  4:59  Overlord x2  
  56  5:01  Drone x3  
  59  5:07  Extractor  
  59  5:09  Drone x3  
  59  5:10  Drone x2  
  59  5:11  Drone  
  59  5:13  Overlord  
  64  5:15  Overseer  
  64  5:21  Roach  
  64  5:24  Drone x3  
Show
View Real Time Build Order
Export as new Build Order

Mez Terran - Winner!

Build Orders: Hellion Opening, Reaper Expand 

Get SALT Encoding   

  12  0:01  SCV  
  13  0:13  SCV  
  14  0:18  Supply Depot  
  14  0:25  SCV  
  15  0:39  SCV  
  15  0:41  Barracks  
  16  0:45  Refinery  
  16  0:51  SCV  
  17  1:03  SCV  
  18  1:15  SCV  
  19  1:29  Reaper, Orbital Command  
  20  1:41  Command Center  
  20  1:49  Supply Depot  
  20  1:55  SCV  
  21  2:03  Marine  
  21  2:07  SCV  
  23  2:13  Factory  
  23  2:16  Refinery  
  23  2:19  SCV  
  24  2:23  Barracks Reactor  
  24  2:41  SCV  
  25  2:53  Command Center  
  25  2:58  Orbital Command  
  25  2:59  SCV  
  26  3:09  Hellion x2  
  30  3:13  SCV  
  31  3:22  Marine  
  31  3:25  SCV  
  33  3:27  SCV  
  34  3:34  Hellion  
  34  3:35  Hellion  
  34  3:37  SCV  
  34  3:39  SCV  
  40  3:49  SCV  
  41  3:57  Hellion x2, Factory  
  41  3:59  Factory, SCV  
  46  4:05  SCV  
  46  4:07  Orbital Command  
  47  4:11  SCV  
  47  4:15  Supply Depot  
  48  4:28  Hellion x2, SCV x2  
  54  4:34  SCV  
  54  4:37  Supply Depot  
  55  4:40  Refinery, SCV x2  
  55  4:41  Refinery  
  55  4:45  Factory Tech Lab x2  
  57  4:51  Orbital Command  
  57  4:52  SCV x2  
  59  4:55  Widow Mine  
  59  4:56  Widow Mine  
  61  5:03  Supply Depot  
  61  5:04  SCV x2  
  61  5:06  Supply Depot  
  63  5:08  Cyclone x2  
  69  5:16  SCV  
  69  5:17  SCV x2  
  72  5:28  SCV  
  72  5:29  SCV  
Tags
 
Add a new tag
Caveats
  • Supply blocks, unpowered buildings, or Contaminate may cause inaccurate times.
  • Supply counts are checked every 10 seconds.